 Dungeon Crawl Stone Soup version 0.30-a0-862-g1aabd4f9c5 (webtiles) character file.

Game seed: 2916943323177757481

52 cforsyth the Magician (level 3, -5/19 HPs)
             Began as a Deep Elf Earth Elementalist on Mar 8, 2023.
             Blown up by Ijyb (19 damage)
             ... with a mindburst bolt
             ... on level 3 of the Dungeon.
             The game lasted 00:01:26 (1950 turns).

cforsyth the Magician (Deep Elf Earth Elementalist) Turns: 1950, Time: 00:01:26

Health: -5/19      AC:  2    Str:  5    XL:     3   Next: 60%
Magic:  14/19      EV: 12    Int: 21    God:
Gold:   121        SH:  0    Dex: 15    Spells: 9/10 levels left

rFire   . . .      SeeInvis .    (no weapon)
rCold   . . .      Faith    .    (no shield)
rNeg    . . .      Spirit   .    a - +0 robe
rPois   .          Reflect  .    (no helmet)
rElec   .          Rampage  .    (no cloak)
rCorr   .                        (no gloves)
Will    .....                    (no boots)
Stlth   ++                       (no amulet)
HPRegen 0.23/turn                l - ring of magical power
MPRegen 0.16/turn                (no ring)

@: no status effects
A: no striking features
a: no special abilities


You were on level 3 of the Dungeon.
You visited 1 branch of the dungeon, and saw 3 of its levels.

You collected 121 gold pieces.

Inventory:

Armour
 a - a +0 robe (worn)
Jewellery
 l - a ring of magical power (left hand)
Scrolls
 d - 2 scrolls of vulnerability {unknown}
 e - 4 scrolls of identify {unknown}
 f - 2 scrolls of magic mapping {unknown}
 g - a scroll of enchant armour {unknown}
 i - a scroll of blinking {unknown}
 m - a scroll of poison {unknown}
 n - a scroll of fog {unknown}
 o - a scroll of fear {unknown}
Potions
 b - 2 potions of magic
 c - a potion of curing
 h - 3 potions of attraction {unknown}
 j - a potion of lignification {unknown}
 k - a potion of degeneration {unknown}


   Skills:
 - Level 2.4 Dodging
 - Level 2.4 Stealth
 + Level 4.4 Spellcasting
 - Level 1.1 Transmutations
 + Level 4.3 Earth Magic


You had 9 spell levels left.
You knew the following spells:

 Your Spells              Type           Power      Damage    Failure   Level
a - Sandblast             Erth           44%        2d11      1%          1

Your spell library contained the following spells:

 Spells                   Type           Power      Damage    Failure   Level
 Passwall                 Tmut/Erth      13%        N/A       6%          2
 Stone Arrow              Conj/Erth      26%        3d8       14%         3
 Static Discharge         Conj/Air       8%         2-3/arc   17%         2
 Vhi's Electric Charge    Tloc/Air       8%         N/A       34%         3
 Petrify                  Tmut/Erth      16%        N/A       36%         4
 Arcjolt                  Conj/Air       2%         1d12      97%         5
 Lightning Bolt           Conj/Air       2%         1d13      97%         5


Dungeon Overview and Level Annotations

Branches:
Dungeon (3/15)

Altars:

Annotations:
D:3 3 runed translucent doors, IdlyInterested's ghost, amateur DsFi; Ijyb


Message History

o - a scroll labelled YPEEKL KIKEABI You enter the shallow water.
Moving in this stuff is going to be slow.
You enter the shallow water.
Moving in this stuff is going to be slow.
You now have 121 gold pieces (gained 10).
You enter the shallow water.
Moving in this stuff is going to be slow.
You enter the shallow water.
Moving in this stuff is going to be slow.
There is a stone staircase leading up here.
You enter the shallow water.
Moving in this stuff is going to be slow.
You enter the shallow water.
Moving in this stuff is going to be slow.
A hobgoblin comes into view.
A hobgoblin is nearby!
A hobgoblin is nearby!
A hobgoblin is nearby!
A hobgoblin is nearby!
Ijyb the Twisted Goblin comes into view.
She is wielding a +0 club and carrying a wand of mindburst (9).
The hobgoblin shouts!
The blast of sand hits Ijyb.
Ijyb is lightly wounded.
The blast of sand hits Ijyb but does no damage.
Ijyb is lightly wounded.
Ijyb misses you.
The blast of sand hits Ijyb!
Ijyb is almost dead.
Ijyb barely misses you. Ijyb hits you with a +0 club.
The blast of sand misses Ijyb.
The blast of sand hits the hobgoblin!
You kill the hobgoblin!
Ijyb zaps a wand.
Your mind is blasted!
The blast of sand misses Ijyb.
Ijyb closely misses you.
Ijyb drinks a potion.
Ijyb is healed!
The blast of sand hits Ijyb!
Ijyb is almost dead.
Ijyb zaps a wand.
Your mind is blasted!
Ouch! That really hurt!
You die...

..............'.............>.#.#
...##.........########.#.##...#.#
...##....###### #.#.##...#..
..+##....# #######+#.##...#<#
....#....# #~~~..~......~....
....#....# #~≈≈≈≈≈~≈≈≈≈≈~≈≈≈≈
....#.^..# #.≈♣♣♣≈.≈♣♣♣≈.≈♣♣♣
....####.# #.≈♣ ♣≈~≈♣ ♣≈.≈♣ ♣
..+## #.# #@≈♣ ♣≈~≈♣ ♣≈~≈♣♣♣ ...#
#+# #g≈≈≈≈≈~≈≈≈≈≈.≈≈≈≈ ##.#
.~..~~~...~...~.~~ ##.#
..~≈≈≈≈≈~≈≈≈≈≈.≈≈≈≈ .#.#
...~≈♣♣♣≈~≈ ≈.≈♣♣♣ .#.# #...~≈♣
≈.≈ ≈~≈ ♣ .#.# #...~≈♣ ~≈ ≈~ ♣
...# #...~≈≈ ≈≈ .### .~~


You could see Ijyb.

Vanquished Creatures
  An adder (D:2)
  A worm (D:2)
  5 bats
  3 endoplasms
  3 giant cockroaches
  5 hobgoblins
  A quokka (D:2)
  4 ball pythons
  4 frilled lizards
  5 goblins
  3 kobolds
  3 rats (D:2)
38 creatures vanquished.

Notes
Turn   | Place    | Note
-------+----------+-------------------------------------------
     0 | D:1      | cforsyth the Deep Elf Earth Elementalist began the quest
                  | for the Orb.
     0 | D:1      | Reached XP level 1. HP: 10/10 MP: 6/6
   292 | D:1      | Reached XP level 2. HP: 15/15 MP: 5/8
  1097 | D:2      | Reached XP level 3. HP: 19/19 MP: 4/10
  1428 | D:2      | Identified the +11 dagger "Jeno" {flame, rF+++ rC- Int+3
                  | Dex+2}
  1806 | D:3      | Noticed IdlyInterested's ghost (amateur DsFi)
  1810 | D:3      | Found a runed translucent gate.
  1810 | D:3      | Found a runed translucent gate.
  1810 | D:3      | Found a runed translucent gate.
  1943 | D:3      | Noticed Ijyb
  1950 | D:3      | Blown up by Ijyb

Illustrated notes

Levels and vault maps discovered:
D:1:      dpeg_arrival_erosion, layout_basic
D:2:      layout_rooms
D:3:      layout_basic, nicolae_sif_muna_little_library,
          nicolae_overflow_ecumenical_swirl, gammafunk_ghost_split,
          kennysheep_nub, hangedman_decor_push, kennysheep_boxes, uniq_sigmund,
          uniq_ijyb

Skill      XL: |  1  2 |
---------------+-------+-----
Spellcasting   | 4 |  4.4
Earth Magic    | 4 |  4.3
Dodging        | |  2.4
Stealth        | |  2.4
Transmutations | |  1.1

Action                     || total
---------------------------++-------
   Cast: Sandblast         ||    54
 Armour: Robe              ||     3
  Dodge: Dodged            ||     9

Table legend: (Time is in decaauts)
 A = Elapsed time spent in this place.
 B = Non-inter-level travel time spent in this place.
 C = Inter-level travel time spent in this place.
 D = Time resting spent in this place.
 E = Time spent auto-exploring this place.
 F = Levels seen in this place.
 G = Mean time per level.
                   A        B        C        D        E       F      G
               +--------+--------+--------+--------+--------+-----+--------+
         Total |   1980 |   1957 |     23 |      0 |   1742 |   3 |  660.0 |
       Dungeon |   1980 |   1957 |     23 |      0 |   1742 |   3 |  660.0 |
               +--------+--------+--------+--------+--------+-----+--------+

Top non-repeatable levels by time:
     D:1: 1053 daAuts
     D:2: 652 daAuts
     D:3: 274 daAuts
